 Dungeon Crawl Stone Soup version 0.28.0-53-g5a82cb258f (webtiles) character file.

Game seed: 12336775408026922374

383 DocClef the Firebug (level 6, 0/44 HPs)
             Began as a Gnoll Fire Elementalist on July 12, 2022.
             Slain by a wraith (11 damage)
             ... on level 5 of the Dungeon.
             The game lasted 00:03:49 (3274 turns).

DocClef the Firebug (Gnoll Fire Elementalist)       Turns: 3274, Time: 00:03:50

Health: 0/44       AC:  4    Str:  7    XL:     6   Next: 76%
Magic:  1/14       EV: 13    Int: 16    God:
Gold:   136        SH:  0    Dex: 13    Spells: 14/15 levels left

rFire   + . .      SeeInvis .   p - +0 dagger
rCold   . . .      Faith    .   (no shield)
rNeg    . . .      Spirit   .   i - +2 robe {Archmagi}
rPois   .          Reflect  .   (no helmet)
rElec   .          Harm     .   (no cloak)
rCorr   +          Rampage  .   (no gloves)
Will    .....      Archmagi +   (no boots)
Stlth   +++.......              (no amulet)
HPRegen 0.14/turn               j - ring of protection from fire
MPRegen 0.14/turn               n - ring of resist corrosion

@: slowed, very slow
A: fangs 1, strong nose, distributed training
a: no special abilities


You were on level 5 of the Dungeon.
You visited 1 branch of the dungeon, and saw 5 of its levels.

You collected 136 gold pieces.

Inventory:

Hand Weapons
 p - a +0 dagger (weapon)
Armour
 i - a +2 robe of the Archmagi (worn)
Jewellery
 j - a ring of protection from fire (left hand)
 n - a ring of resist corrosion (right hand)
 r - a ring of protection from cold
Wands
 o - a wand of flame (13)
Scrolls
 d - 4 scrolls of identify {unknown}
 f - 2 scrolls of teleportation {unknown}
 g - a scroll of amnesia {unknown}
 h - a scroll of silence {unknown}
 k - a scroll of summoning {unknown}
 l - 2 scrolls of vulnerability {unknown}
 m - a scroll of enchant weapon {unknown}
 q - a scroll of torment {unknown}
Potions
 a - 2 potions of heal wounds {unknown}
 b - a potion of lignification {unknown}
 c - 2 potions of resistance {unknown}
 e - a potion of haste {unknown}
 s - a potion of cancellation {unknown}
 t - a potion of flight {unknown}


   Skills:
 + Level 2.1 Fighting
 + Level 2.1 Short Blades
 + Level 2.1 Long Blades
 + Level 2.1 Axes
 + Level 2.1 Maces & Flails
 + Level 2.1 Polearms
 + Level 2.1 Staves
 + Level 2.1 Slings
 + Level 2.1 Bows
 + Level 2.1 Crossbows
 + Level 2.1 Throwing
 + Level 2.1 Armour
 + Level 5.0 Dodging
 + Level 4.7 Stealth
 + Level 2.1 Shields
 + Level 2.1 Unarmed Combat
 + Level 5.4 Spellcasting
 + Level 2.7 Conjurations
 + Level 1.6 Hexes
 + Level 1.6 Summonings
 + Level 1.6 Necromancy
 + Level 1.6 Translocations
 + Level 1.6 Transmutations
 + Level 5.7 Fire Magic
 + Level 1.6 Ice Magic
 + Level 1.6 Air Magic
 + Level 1.6 Earth Magic
 + Level 1.6 Poison Magic
 + Level 2.3 Invocations
 + Level 2.1 Evocations


You had 14 spell levels left.
You knew the following spells:

 Your Spells              Type           Power      Damage    Failure   Level
a - Foxfire               Conj/Fire      100%       2x1d9     2%          1

Your spell library contained the following spells:

 Spells                   Type           Power      Damage    Failure   Level
 Scorch                   Fire           68%        2d8       1%          2
 Conjure Flame            Conj/Fire      26%        6-21      8%          3
 Inner Flame              Hex/Fire       24%        N/A       10%         3
 Flame Wave               Conj/Fire      26%        2d7       26%         4
 Summon Ice Beast         Ice/Summ       14%        N/A       58%         4
 Summon Mana Viper        Hex/Summ       14%        N/A       90%         5
 Monstrous Menagerie      Summ           7%         N/A       100%        7


Dungeon Overview and Level Annotations

Branches:
Dungeon (5/15)
 Temple: D:4-7

Altars:

Shops:
D:1 *

Annotations:
D:4 Dowan, Duvessa


Innate Abilities, Weirdness & Mutations

You have very sharp teeth.
Your uncanny sense of smell can sniff out nearby items.
Your experience applies equally to all skills.


Message History

The wraith is heavily damaged.
The foxfire hits the wraith.
The wraith is heavily damaged.
The wraith hits you.
You feel a surge of power!
You conjure some foxfire!
The foxfire hits the wraith.
The wraith is heavily damaged.
The foxfire hits the wraith.
The wraith is severely damaged.
The wraith hits you but does no damage. The wraith barely misses you.
Unknown command.
You feel a surge of power!
You conjure some foxfire!
The foxfire hits the wraith but does no damage.
The wraith is severely damaged.
The foxfire hits the wraith but does no damage.
The wraith is severely damaged.
The wraith hits you! The wraith drains your vigour!
You feel as though you will be slow longer.
You closely miss the wraith.
The wraith is severely damaged.
The foxfire hits the wraith but does no damage.
The wraith is severely damaged.
The foxfire hits the wraith but does no damage.
The wraith is severely damaged.
The wraith hits you! The wraith closely misses you.
You are too injured to fight recklessly!
Casting: Foxfire (safe; 2% risk of failure)
Confirm with . or Enter, or press ? or * to list all spells.
You feel a surge of power!
You conjure some foxfire!
The wraith hits you.
* * * LOW HITPOINT WARNING * * *
Unknown command.
Casting: Foxfire (safe; 2% risk of failure)
Confirm with . or Enter, or press ? or * to list all spells.
You feel a surge of power!
You conjure some foxfire!
The foxfire hits the wraith but does no damage.
The wraith is severely damaged.
The foxfire hits the wraith.
The wraith is severely damaged.
The wraith hits you!
You die...

#..........#
#..........#
#..........#
#..........#
##..........##
#............#
#.....v......#
#......@.....#
#......Wv....#
#............#
#............#
#............#
#............#
....#######....
.... ....


You could see a wraith (ally target).

Vanquished Creatures
  Grinder (D:3)
  An orc priest (D:4)
  A hound (D:5)
  7 adders
  An adder skeleton (D:4)
  3 dart slugs
  8 orcs
  5 endoplasms
  A giant cockroach (D:2)
  A goblin (D:3)
  6 hobgoblins
  2 quokkas
  6 ball pythons
  5 bats
  3 frilled lizards
  2 kobolds
  3 rats
56 creatures vanquished.

Vanquished Creatures (others)
  366 foxfires
366 creatures vanquished.

Grand Total: 422 creatures vanquished

Notes
Turn   | Place    | Note
-------+----------+-------------------------------------------
     0 | D:1      | DocClef the Gnoll Fire Elementalist began the quest for the
                  | Orb.
     0 | D:1      | Reached XP level 1. HP: 13/13 MP: 6/6
   184 | D:1      | Found Boniokilo's General Store.
   224 | D:1      | Reached XP level 2. HP: 19/19 MP: 1/7
  1120 | D:2      | Reached skill level 5 in Spellcasting
  1120 | D:2      | Reached XP level 3. HP: 25/25 MP: 5/9
  1594 | D:2      | Reached skill level 1 in Invocations
  1865 | D:3      | Reached skill level 1 in Fighting
  1865 | D:3      | Reached skill level 1 in Short Blades
  1865 | D:3      | Reached skill level 1 in Long Blades
  1865 | D:3      | Reached skill level 1 in Axes
  1865 | D:3      | Reached skill level 1 in Maces & Flails
  1865 | D:3      | Reached skill level 1 in Polearms
  1865 | D:3      | Reached skill level 1 in Staves
  1865 | D:3      | Reached skill level 1 in Slings
  1865 | D:3      | Reached skill level 1 in Bows
  1865 | D:3      | Reached skill level 1 in Crossbows
  1865 | D:3      | Reached skill level 1 in Throwing
  1865 | D:3      | Reached skill level 1 in Armour
  1865 | D:3      | Reached skill level 1 in Shields
  1865 | D:3      | Reached skill level 1 in Unarmed Combat
  1865 | D:3      | Reached skill level 1 in Evocations
  1867 | D:3      | Reached XP level 4. HP: 32/32 MP: 7/11
  2001 | D:3      | Noticed Grinder
  2009 | D:3      | Killed Grinder
  2010 | D:3      | Reached skill level 1 in Hexes
  2010 | D:3      | Reached skill level 1 in Summonings
  2010 | D:3      | Reached skill level 1 in Necromancy
  2010 | D:3      | Reached skill level 1 in Translocations
  2010 | D:3      | Reached skill level 1 in Transmutations
  2010 | D:3      | Reached skill level 1 in Ice Magic
  2010 | D:3      | Reached skill level 1 in Air Magic
  2010 | D:3      | Reached skill level 1 in Earth Magic
  2010 | D:3      | Reached skill level 1 in Poison Magic
  2010 | D:3      | Reached XP level 5. HP: 24/38 MP: 4/12
  2010 | D:3      | Reached XP level 6. HP: 28/44 MP: 4/13
  2722 | D:3      | Found a faded altar of an unknown god.
  2837 | D:4      | Reached skill level 5 in Dodging
  3085 | D:4      | Noticed Dowan
  3090 | D:4      | Noticed Duvessa
  3257 | D:5      | Entered Level 5 of the Dungeon
  3257 | D:5      | Noticed a wraith
  3274 | D:5      | Slain by a wraith

Illustrated notes

Levels and vault maps discovered:
D:1:      mrwooster_arrival_statue, layout_rooms, serial_shops, shop,
          chequers_serial_rivers_micro_e
D:2:      layout_loops_ring, chequers_serial_rivers_large_b
D:3:      layout_rooms, chequers_ecumenical_altar_simple_redux, uniq_grinder
D:4:      layout_loops_cross, uniq_sigmund, uniq_duvessa, uniq_edmund
D:5:      layout_gridville, mainiacjoe_overflow_small_starburst,
          minmay_temple_entry_mini_moons

Skill      XL: |  1  2  3  4  5  6 |
---------------+-------------------+-----
Conjurations   | 2 |  2.7
Spellcasting   | 5 |  5.4
Invocations    | 1 2 |  2.3
Fighting       | 1 2 |  2.1
Short Blades   | 1 2 |  2.1
Long Blades    | 1 2 |  2.1
Axes           | 1 2 |  2.1
Maces & Flails | 1 2 |  2.1
Polearms       | 1 2 |  2.1
Staves         | 1 2 |  2.1
Slings         | 1 2 |  2.1
Bows           | 1 2 |  2.1
Crossbows      | 1 2 |  2.1
Throwing       | 1 2 |  2.1
Armour         | 1 2 |  2.1
Shields        | 1 2 |  2.1
Unarmed Combat | 1 2 |  2.1
Evocations     | 1 2 |  2.1
Hexes          | 1 |  1.6
Summonings     | 1 |  1.6
Necromancy     | 1 |  1.6
Translocations | 1 |  1.6
Transmutations | 1 |  1.6
Ice Magic      | 1 |  1.6
Air Magic      | 1 |  1.6
Earth Magic    | 1 |  1.6
Poison Magic   | 1 |  1.6
Dodging        | 5 |  5.0
Stealth        | |  4.7
Fire Magic     | |  5.7

Action                   |  1- 3 |  4- 6 || total
-------------------------+-------+-------++-------
Melee: Unarmed           |    10 |       ||    10
       Bite              |     3 |     1 ||     4
       Dagger            |       |     7 ||     7
       Punch             |       |     2 ||     2
 Cast: Foxfire           |    95 |   114 ||   209
 Stab: Sleeping          |     1 |     1 ||     2
Armor: Robe              |     1 |     4 ||     5
Dodge: Dodged            |     7 |    13 ||    20
